MLB
OAKLAND ATHLETICS @ ST. LOUIS CARDINALS
04/27/2039
 
TOP OF THE 1ST
Oakland Athletics batting - Pitching for St. Louis Cardinals : RHP Brad Quintero
Pitching: RHP Brad Quintero
Batting: LHB Jose Gonzalez 0-0: Ball
1-0: Foul Ball, location: 5F
1-1: Foul Ball, location: 7LMF
1-2: Ball
2-2: Ball
3-2: SINGLE (Flyball, 6MD, EV 91.9 MPH)
Batting: LHB Emmanuel Mejia 0-0: Called Strike
0-1: Called Strike
0-2: Strikes out swinging
Batting: SHB Bobby Alicea 0-0: DOUBLE (Line Drive, 7LS, EV 101.9 MPH)
Jose Gonzalez to third
Runner from 3rd tries for Home, SAFE, throw by LF to trailing runner, SAFE at third!
Batting: RHB Jake Corbett 0-0: Called Strike
0-1: Ball
1-1: Ball
2-1: Ball
3-1: Called Strike
3-2: Base on Balls
Batting: RHB Mike Alderson 0-0: Swinging Strike
0-1: Ball
1-1: Ball
2-1: Foul Ball, location: 2F
2-2: Strikes out swinging
Batting: LHB Doug Yoder 0-0: Ball
1-0: Fly out, F8 (Flyball, 8RXD, EV 109.4 MPH)
Top of the 1st over - 1 run, 2 hits, 0 errors, 2 left on base; Oakland 1 - St. Louis 0
BOTTOM OF THE 1ST
St. Louis Cardinals batting - Pitching for Oakland Athletics : LHP Jeff Gaton
Pitching: LHP Jeff Gaton
Batting: RHB Fernando Tatis Jr. 0-0: Called Strike
0-1: Called Strike
0-2: Ball
1-2: Foul Ball, location: 3FF
1-2: Foul Ball, location: 5SF
1-2: Foul Ball, location: 9LDF
1-2: Ball
2-2: Foul Ball, location: 2F
2-2: Fly out, F4 (Popup, 3DF, EV 71.9 MPH)
Batting: RHB Ed Howard 0-0: Ball
1-0: Foul Ball, location: 25F
1-1: Foul Ball, location: 2F
1-2: Strikes out swinging
Batting: LHB Mike Murphy 0-0: Ball
Sunday, March 31st , 2024 - OOTP Baseball 24.11 Build 85